 Dungeon Crawl Stone Soup version 0.24.0-13-gcf9b319 (webtiles) character file.

Game seed: 6945734801023920683, levelgen mode: deterministic

328 silenth the Slasher (level 6, -16/66 HPs)
             Began as an Octopode Fighter on Apr 2, 2020.
             Was a Believer of Ru.
             Demolished by Pikel
             ... wielding a +0 whip of electrocution
              (18 damage)
             ... on level 4 of the Dungeon.
             The game lasted 00:03:25 (3840 turns).

silenth the Slasher (Octopode Fighter)              Turns: 3840, Time: 00:03:25

Health: -16/66     AC: 23    Str: 15    XL:     6   Next: 50%
Magic:  6/6        EV:  2    Int: 11    God:    Ru [**....]
Gold:   165        SH:  8    Dex: 13    Spells: 5/5 levels left

rFire    . . .     SeeInvis .   a - +0 long sword
rCold    . . .     Gourm    .   b - +0 shield
rNeg     + + +     Faith    .   (helmet currently unavailable)
rPois    +         Spirit   .   (no amulet)
rElec    .         Reflect  .   h - ring of wizardry
rCorr    .         Harm     .   s - +5 ring of evasion
MR       .....     NoTele   +   (no ring)
Stlth    ++........             (no ring)
HPRegen  0.21/turn              (no ring)
MPRegen  0.10/turn              (no ring)
                                (no ring)
                                (no ring)

@: tree-form
A: almost no armour, stealthy swim, (amphibious), 8 rings, (constrict 8),
inability to use devices
a: Renounce Religion


You were on level 4 of the Dungeon.
You worshipped Ru.
Ru was pleased with you.
You were not hungry.
You were a tree.
You visited 1 branch of the dungeon, and saw 4 of its levels.

You collected 165 gold pieces.

Inventory:

Hand Weapons
 a - a +0 long sword (weapon)
Armour
 b - a +0 shield (worn)
Jewellery
 d - an uncursed ring of ice
 h - a ring of wizardry (left branch)
 s - a +5 ring of evasion (right branch)
Scrolls
 f - a scroll of magic mapping {unknown}
 g - a scroll of immolation
 i - a scroll of identify
 l - a scroll of amnesia {unknown}
 p - 3 scrolls of noise {unknown}
 q - a scroll of fear {unknown}
 r - 2 scrolls of enchant armour {unknown}
 t - a scroll of remove curse {unknown}
Potions
 c - 5 potions of might
 j - 3 potions of curing {unknown}
 k - 3 potions of flight {unknown}
 m - a potion of lignification
 n - a potion of brilliance {unknown}
 o - a potion of invisibility {unknown}
Comestibles
 e - 5 rations


   Skills:
 + Level 4.5 Fighting
 * Level 5.3 Long Blades
 - Level 3.0 Dodging
 + Level 2.7 Stealth
 - Level 3.0 Shields


You had 5 spell levels left.
You didn't know any spells.
Your spell library was empty.

Dungeon Overview and Level Annotations

Branches:
Dungeon (4/15)
 Temple: D:4-7

Altars:
Nemelex Xobeh
Ru

Annotations:
D:4 Pikel


Innate Abilities, Weirdness & Mutations

You cannot wear most types of armour.
You are very stealthy in the water. (Stealth+)
((You are amphibious.))
You can wear up to eight rings at the same time.
((You can use your tentacles to constrict eight enemies at once.))
((Your skin changes colour to match your surroundings (Stealth+).))
((Your rubbery body absorbs attacks. (AC +1, EV +1)))
You cannot study or use magical devices.


Message History

* * * LOW HITPOINT WARNING * * *
You closely miss Pikel.
Pikel is almost dead.
Pikel hits you but does no damage.
You hit Pikel.
Pikel is almost dead.
You block Pikel's attack.
You closely miss Pikel.
Pikel is almost dead.
Pikel hits you but does no damage.
You hit Pikel but do no damage.
Pikel is almost dead.
Pikel hits you but does no damage.
You barely miss Pikel.
Pikel is almost dead.
Pikel hits you but does no damage.
Pikel hits you with a +0 whip of electrocution.
* * * LOW HITPOINT WARNING * * *
You are electrocuted!!
You die...

#).# ##.# #.# #..# #.##
#..## #..#
##...######### ##.##
#............# ....#
#.p# #........###.#
#....# ##K#
#........#...# #....#
#♣# #.............
####....#
#.###...........♣♣
...#....#
#..###.#######.♣▒
...#....# ##.# #.# ##.♣
...#....####
###.###.######..♣▒
............
.##..#...........♣♣
...#.#######
#.###.#..#######...†
'###.......# #...>....#
#..♣♣ .#
#######.###....#...####
#.♣▒


You could see Pikel and a slave.

Vanquished Creatures
  A howler monkey (D:4)
  A hound (D:4)
  An orc wizard (D:4)
  Terence (D:2)
  Natasha (twice) (D:3)
  4 gnolls (D:3)
  4 adders
  5 worms
  2 dart slugs (D:1)
  2 leopard geckos
  5 orcs
  3 giant cockroaches
  7 hobgoblins
  A quokka (D:2)
  2 ball pythons
  6 bats
  3 frilled lizards
  7 goblins
  6 kobolds
  A quokka skeleton (D:4)
  8 rats
72 creatures vanquished.

Notes
Turn   | Place    | Note
-------+----------+-------------------------------------------
     0 | D:1      | silenth the Octopode Fighter began the quest for the Orb.
     0 | D:1      | Reached XP level 1. HP: 16/16 MP: 1/1
   246 | D:1      | Reached XP level 2. HP: 17/21 MP: 2/2
  1068 | D:1      | Reached skill level 3 in Long Blades
  1070 | D:1      | Reached XP level 3. HP: 26/26 MP: 3/3
  1439 | D:2      | Reached XP level 4. HP: 32/32 MP: 4/4
  1912 | D:2      | Found a faded altar of an unknown god.
  2035 | D:2      | Became a worshipper of Ru the Awakened
  2041 | D:2      | Noticed Terence
  2054 | D:2      | Gained mutation: You cannot study or use magical devices.
                  | [Ru sacrifice]
  2054 | D:2      | Reached * piety under Ru
  2054 | D:2      | Reached ** piety under Ru
  2103 | D:2      | Killed Terence
  2103 | D:2      | Reached skill level 4 in Long Blades
  2651 | D:3      | Reached XP level 5. HP: 31/37 MP: 5/5
  2743 | D:3      | Reached skill level 4 in Fighting
  2816 | D:3      | Noticed Natasha
  2821 | D:3      | Killed Natasha
  2845 | D:3      | Found a sparkling altar of Nemelex Xobeh.
  3032 | D:3      | Noticed Natasha
  3047 | D:3      | Reached skill level 1 in Stealth
  3061 | D:3      | Killed Natasha
  3433 | D:4      | Reached skill level 5 in Long Blades
  3433 | D:4      | Reached skill level 2 in Stealth
  3433 | D:4      | Reached XP level 6. HP: 33/44 MP: 6/6
  3803 | D:4      | Noticed Pikel
  3803 | D:4      | Noticed a slave
  3835 | D:4      | HP: 6/66 [Pikel/+0 whip of electrocution (2)]
  3840 | D:4      | HP: 2/66 [Pikel/+0 whip of electrocution (2)]
  3840 | D:4      | Demolished by Pikel

Levels and vault maps discovered:
D:1:      dpeg_arrival_ratfight, layout_loops_corners
D:2:      layout_loops_corners, chequers_ecumenical_altar_island,
          nicolae_underground_beach, uniq_terence
D:3:      layout_loops_corners, first_ration, nemelex_spade_bored_becter,
          uniq_natasha
D:4:      layout_basic, minmay_stone_trees_medium, uniq_pikel

Skill      XL: |  1  2  3  4  5 |
---------------+----------------+-----
Long Blades    | 3 4 5 |  5.3
Fighting       | 4 |  4.5
Stealth        | 2 |  2.7
Dodging        | |  3.0
Shields        | |  3.0

Action                   |  1- 3 |  4- 6 || total
-------------------------+-------+-------++-------
Melee: Long sword        |    47 |   105 ||   152
       Constrict         |    14 |    31 ||    45
       Tentacles         |     3 |    22 ||    25
Invok: Sacrifice Artific |       |     1 ||     1
  Use: Scroll            |     2 |     1 ||     3
       Potion            |       |     2 ||     2
 Stab: Sleeping          |     2 |     3 ||     5
       Distracted        |       |     3 ||     3
  Eat: Chunk             |     1 |     8 ||     9
Armor: Skin              |     5 |    11 ||    16
Dodge: Dodged            |    20 |    41 ||    61
Block: Shield            |    20 |    47 ||    67
       Rpst.: Long sword |     6 |    10 ||    16
